AoeStats
← gnitaek

Nomad

510606998Analyzed
2v2 RM · 10h ago on Oct 1, 2026· 45m 36s· 4 players
Game mode
Random Map
Map size
176×176
Population
200
Speed
Normal
Resources
Standard
Victory
Conquest
Starting age
Dark Age
Ending age
Imperial Age
RankedLock teamsTeams togetherTeam positionsShared explorationLock speedFull tech treeHidden civsTurbo modeCheats
Victory
Defeat
🇨🇱 Slavs · Chile
1331
+13
🇺🇾 Cumans · Uruguay
1270
+15
🇮🇪 Bulgarians · Ireland
1260
-14
🇮🇪 Sicilians · Ireland
1259
-14
berserker-latko
8:24 Loom
11:42 Feudal Age
14:07 Town Watch
22:28 Castle Age
22:45 Double-Bit Axe
24:36 Scale Mail Armor
24:51 Medium Warships
34:42 Scale Barding Armor
35:37 Forging
38:18 Fletching
41:44 Chain Barding Armor
gnitaek
4:31 Loom
12:57 Feudal Age
14:00 Double-Bit Axe
18:37 Fletching
21:46 Castle Age
21:04 Horse Collar
23:22 Bodkin Arrow
28:26 Scale Mail Armor
28:36 Forging
29:31 Fishing Lines
32:46 Wheelbarrow
32:28 Bow Saw
32:56 Chain Mail Armor
35:34 Forging
36:07 Hand Cart
41:42 Imperial Age
40:13 First Crusade
40:03 Squires
43:12 Plate Mail Armor
43:17 Iron Casting
43:06 Conscription
43:46 Capped Ram
44:46 Bloodlines
44:36 Husbandry
PESCADO
4:23 Loom
14:52 Feudal Age
18:51 Castle Age
18:58 Double-Bit Axe
19:52 Horse Collar
25:02 Fletching
25:14 Padded Archer Armor
26:00 Crossbowman
28:09 Wheelbarrow
29:08 Bodkin Arrow
30:11 Ballistics
31:22 Pikeman
32:46 Leather Archer Armor
35:43 Hand Cart
42:07 Imperial Age
41:24 Town Watch
44:10 Chemistry
43:15 Siege Engineers
43:37 Conscription
44:16 Conscription
44:25 Conscription
45:11 Elite Boyar
PMA
4:30 Loom
12:31 Feudal Age
18:00 Horse Collar
19:38 Double-Bit Axe
22:33 Horse Collar
25:25 Forging
26:14 Scale Barding Armor
29:56 Bloodlines
32:51 Castle Age
34:33 Iron Casting
34:18 Chain Barding Armor
Connection lost

Rejoining the realm…

Still unreachable

The connection could not be restored.

Session expired

The server has moved on; the page needs a fresh start.